 Dungeon Crawl Stone Soup version 0.30-a0-782-ge64f9170bb (webtiles) character file.

Game seed: 10683822286107017566

3726 Dirian the Cleaver (level 9, 0/80 HPs)
             Began as a Minotaur Fighter on Mar 9, 2023.
             Was a High Priest of Uskayaw.
             Succumbed to a gnoll sergeant's poison
             ... on level 7 of the Dungeon.
             The game lasted 00:08:37 (5462 turns).

Dirian the Cleaver (Minotaur Fighter)               Turns: 5462, Time: 00:08:37

Health: 0/80       AC: 13    Str: 32    XL:     9   Next: 92%
Magic:  8/8        EV:  8    Int:  5    God:    Uskayaw [*****.]
Gold:   191        SH:  5    Dex:  9    Spells: 8/8 levels left

rFire   . . .      SeeInvis .    a - +0 war axe
rCold   . . .      Faith    .    c - +0 buckler
rNeg    . . .      Spirit   .    n - +0 chain mail
rPois   .          Reflect  .    (helmet restricted)
rElec   .          Harm     .    (no cloak)
rCorr   +          Rampage  .    h - +0 pair of gloves
Will    .....                    (no boots) Stlth
                                 (no amulet)
HPRegen 0.33/turn                g - +6 ring of strength
MPRegen 0.11/turn                m - ring of resist corrosion

@: lethally poisoned (0 -> -3)
A: horns 2, retaliatory headbutt
a: Renounce Religion, Stomp, Line Pass, Grand Finale


You were on level 7 of the Dungeon.
You worshipped Uskayaw.
Uskayaw was noncommittal.
You visited 1 branch of the dungeon, and saw 7 of its levels.

You collected 311 gold pieces.
You spent 120 gold pieces at shops.

Inventory:

Hand Weapons
 a - a +0 war axe (weapon)
 j - a +0 morningstar
Armour
 b - a +0 scale mail
 c - a +0 buckler (worn)
 d - the +1 plate armour of Creativity {rF+}
   (You found it on level 5 of the Dungeon)

   rF:        It protects you from fire.
 h - a +0 pair of gloves (worn)
 n - a +0 chain mail (worn)
Jewellery
 g - a +6 ring of strength (left hand)
 l - a +4 ring of protection
 m - a ring of resist corrosion (right hand)
Wands
 p - a wand of flame (16)
 s - a wand of light (9)
Scrolls
 e - a scroll of fear
 f - a scroll of enchant armour {unknown}
 i - a scroll of poison
 k - a scroll of fog
 r - a scroll of identify
 t - a scroll of teleportation
 z - 3 scrolls of blinking
Potions
 o - 2 potions of magic
 q - 3 potions of curing
 u - a potion of invisibility {unknown}
 w - 5 potions of heal wounds


   Skills:
 + Level 7.7 Fighting
 + Level 11.5 Axes
 + Level 10.5 Armour
 + Level 5.9 Shields


You had 8 spell levels left.
You didn't know any spells.
Your spell library contained the following spells:

 Spells                   Type           Power      Damage    Failure   Level
 Cigotuvi's Dreadful Rot  Necr/Pois/Air  0%         N/A       98%         2
 Poisonous Vapours        Pois/Air       0%         N/A       98%         2
 Static Discharge         Conj/Air       0%         2-2/arc   98%         2
 Mephitic Cloud           Conj/Pois/Air  0%         N/A       100%        3
 Portal Projectile        Hex/Tloc       0%         N/A       100%        3
 Tukima's Dance           Hex            0%         N/A       100%        3
 Vhi's Electric Charge    Tloc/Air       0%         N/A       100%        3
 Arcjolt                  Conj/Air       0%         1d10      100%        5
 Blade Hands              Tmut           0%         N/A       100%        5
 Fireball                 Conj/Fire      0%         3d3       100%        5
 Iskenderun's Battlesphe  Conj           0%         2d6       100%        5
 Lightning Bolt           Conj/Air       0%         1d11      100%        5
 Conjure Ball Lightning   Conj/Air       0%         3x3d6     100%        6
 Orb of Destruction       Conj           0%         9d5       100%        7


Dungeon Overview and Level Annotations

Branches:
Dungeon (7/15) Zot: 26836
 Temple: D:4-7

Altars:
Uskayaw

Shops:
D:1 (   D:3 :   D:5 !

Annotations:
D:3 1 runed translucent door, etoheto's ghost, amateur HOHu


Innate Abilities, Weirdness & Mutations

You have a pair of horns on your head.
You reflexively headbutt those who attack you in melee.


Message History

You feel very sick.
You hear a shout!
A gnoll comes into view. It is wielding a +0 spear.
The steam dragon breathes steam at you. The ball of steam hits you.
You hear a shout! x2; You hear a howl!
Uskayaw will force your foes to share their pain.
Uskayaw links your audience in an emotional bond!
You hit the steam dragon.
You kill the steam dragon!
The steam dragon scales are intact enough to wear.
You are engulfed in a cloud of scalding steam.
You feel very sick.
You hit the black bear.
The black bear is moderately wounded.
You are engulfed in a cloud of scalding steam.
You feel sick.
The black bear is no longer sharing its pain.
The black bear bites you but does no damage.
The black bear claws you but does no damage. x2
You closely miss the black bear.
The black bear is moderately wounded.
You are engulfed in a cloud of scalding steam.
* * * LOW HITPOINT WARNING * * *
You feel sick.
The gnoll is no longer sharing its pain.
The gnoll hits you from afar with a +0 spear.
* * * LOW HITPOINT WARNING * * *
The black bear bites you.
* * * LOW HITPOINT WARNING * * *
The black bear claws you but does no damage.
You block the black bear's attack.
You slice the black bear!!
You kill the black bear!
You are engulfed in a cloud of scalding steam.
* * * LOW HITPOINT WARNING * * *
You feel sick. The gnoll hits you but does no damage.
You can now merge with and destroy a victim.
Uskayaw prepares the audience for your solo!
You die...

### #.. #.# ###
#.# #.. #####.##
#.# #......## #.#
#.#)#§###.#
#....§.[g.#
#.#.#@###.#
#.....§##
#§####.D.
###.#.##
#.D§§.g.. #.#.#
#.#o.....
#.#.#####.#......
#.#.##....# .....
#.....###.# ...##
##.##.# #.# .##
#.##.# #.# .#


You could see a gnoll (paralysed).

Vanquished Creatures
  Pikel (D:5)
  Joseph (D:7)
  2 rust devils (D:5)
  Prince Ribbit (D:5)
  A wraith (D:5)
  Eustachio (D:5)
  A steam dragon (D:7)
  4 orc warriors
  2 black bears
  2 ogres
  2 centaurs
  A lemure (D:5)
  A bullfrog (D:6)
  A necrophage (D:6)
  A scorpion (D:6)
  2 gnoll sergeants
  5 wights (D:6)
  A hound (D:4)
  3 orc wizards (D:6)
  3 gnolls (D:6)
  5 adders
  A shadow imp (D:6)
  A white imp (D:4)
  3 worms (D:2)
  2 dart slugs (D:2)
  12 orcs
  7 endoplasms
  3 goblins
  7 hobgoblins
  A jackal (D:1)
  A quokka (D:5)
  5 ball pythons
  A bat (D:1)
  6 kobolds
  7 rats
98 creatures vanquished.

Vanquished Creatures (others)
  2 withered plants (D:3)
2 creatures vanquished.

Grand Total: 100 creatures vanquished

Notes
Turn   | Place    | Note
-------+----------+-------------------------------------------
     0 | D:1      | Dirian the Minotaur Fighter began the quest for the Orb.
     0 | D:1      | Reached XP level 1. HP: 19/19 MP: 0/0
    75 | D:1      | Found For Ryote's Antique Weapon Shoppe.
   208 | D:1      | Reached XP level 2. HP: 27/27 MP: 1/1
   846 | D:2      | Reached XP level 3. HP: 33/33 MP: 2/2
   887 | D:2      | Reached skill level 3 in Axes
   931 | D:2      | Found a faded altar of an unknown god.
   980 | D:2      | Prayed at the altar of an unknown god.
   980 | D:2      | Became a worshipper of Uskayaw the Reveller
   980 | D:2      | Reached * piety under Uskayaw
  1307 | D:3      | Reached ** piety under Uskayaw
  1429 | D:3      | Found a runed translucent door.
  1429 | D:3      | Noticed etoheto's ghost (amateur HOHu)
  1526 | D:3      | Reached XP level 4. HP: 40/40 MP: 3/3
  1675 | D:3      | Found Ubravvob's Book Emporium.
  2290 | D:4      | Reached skill level 4 in Axes
  3121 | D:5      | Entered Level 5 of the Dungeon
  3145 | D:5      | Found Doacw's Distillery.
  3148 | D:5      | Bought a potion of might for 40 gold pieces
  3148 | D:5      | Bought a potion of heal wounds for 50 gold pieces
  3148 | D:5      | Bought a potion of lignification for 30 gold pieces
  3166 | D:5      | Noticed a lemure
  3167 | D:5      | Noticed Pikel
  3167 | D:5      | Noticed a lemure
  3178 | D:5      | Noticed a wraith
  3180 | D:5      | Killed a lemure
  3182 | D:5      | Noticed a lemure
  3184 | D:5      | Reached *** piety under Uskayaw
  3186 | D:5      | Noticed a lemure
  3189 | D:5      | Killed a wraith
  3189 | D:5      | Reached **** piety under Uskayaw
  3190 | D:5      | Reached skill level 5 in Axes
  3190 | D:5      | Reached skill level 5 in Armour
  3190 | D:5      | Reached XP level 5. HP: 17/47 MP: 4/4
  3190 | D:5      | Reached XP level 6. HP: 19/53 MP: 5/5
  3190 | D:5      | Killed Pikel
  3191 | D:5      | Reached skill level 5 in Fighting
  3191 | D:5      | Reached skill level 6 in Axes
  3191 | D:5      | Reached XP level 7. HP: 23/61 MP: 6/6
  3431 | D:5      | Noticed Prince Ribbit
  3439 | D:5      | Reached skill level 7 in Axes
  3460 | D:5      | Killed Prince Ribbit
  3461 | D:5      | Reached XP level 8. HP: 15/69 MP: 7/7
  3782 | D:5      | Noticed Eustachio
  3806 | D:5      | Killed Eustachio
  3807 | D:5      | Reached skill level 8 in Axes
  3807 | D:5      | Reached skill level 5 in Shields
  4236 | D:6      | Reached skill level 9 in Axes
  4382 | D:6      | Reached ***** piety under Uskayaw
  4383 | D:6      | Reached XP level 9. HP: 6/75 MP: 8/8
  5110 | D:5      | Noticed a rust devil
  5110 | D:5      | Noticed a rust devil
  5121 | D:5      | Killed a rust devil
  5122 | D:5      | Reached skill level 10 in Axes
  5123 | D:5      | Killed a rust devil
  5124 | D:5      | Reached skill level 10 in Armour
  5261 | D:5      | Identified the +1 plate armour of Creativity {rF+}
  5313 | D:7      | Noticed Joseph
  5332 | D:7      | Killed Joseph
  5333 | D:7      | Reached skill level 11 in Axes
  5460 | D:7      | HP: 2/79 [black bear (5)]
  5462 | D:7      | Succumbed to a gnoll sergeant's poison

Illustrated notes

Levels and vault maps discovered:
D:1:      dpeg_arrival_shelter, layout_basic, serial_shops, shop,
          minmay_pentomino_o2
D:2:      layout_rooms, hellmonk_ecumenical_altar_pennies_from_heaven
D:3:      layout_loops_ring, gammafunk_ghost_grave, serial_shops,
          nicolae_shop_behind_doors
D:4:      layout_basic
D:5:      cheibrodos_iron_armory, layout_rooms, serial_shops,
          nicolae_shop_behind_doors, uniq_pikel, uniq_prince_ribbit1,
          uniq_eustachio
D:6:      layout_basic
D:7:      cheibrodos_shockbox, layout_loops_ring, minmay_temple_entry_junction,
          uniq_joseph

Skill      XL: |  1  2  3  4  5  6  7  8  9 |
---------------+----------------------------+-----
Armour         | 4 5 7 9 10 | 10.5
Shields        | 4 5 |  5.9
Fighting       | 4 5 6 7 |  7.7
Axes           | 3 5 6 7 9 11 | 11.5

Action                     |  1- 3 |  4- 6 |  7- 9 || total
---------------------------+-------+-------+-------++-------
  Melee: War axe           |    80 |    37 |   127 ||   244
         Headbutt          |     7 |     7 |    20 ||    34
    Use: Scroll            |     7 |     4 |     1 ||    12
         Potion            |     3 |     4 |     4 ||    11
   Stab: Paralysed         |       |     1 |    13 ||    14
 Armour: Scale mail        |    32 |    11 |    13 ||    56
         Chain mail        |       |       |    52 ||    52
         Skin              |       |       |    11 ||    11
  Dodge: Dodged            |    41 |     9 |    51 ||   101
  Block: Buckler           |    16 |     8 |    32 ||    56

Table legend: (Time is in decaauts)
 A = Elapsed time spent in this place.
 B = Non-inter-level travel time spent in this place.
 C = Inter-level travel time spent in this place.
 D = Time resting spent in this place.
 E = Time spent auto-exploring this place.
 F = Levels seen in this place.
 G = Mean time per level.
                   A        B        C        D        E       F      G
               +--------+--------+--------+--------+--------+-----+--------+
         Total |   5527 |   5349 |    178 |    162 |   4443 |   7 |  789.6 |
       Dungeon |   5527 |   5349 |    178 |    162 |   4443 |   7 |  789.6 |
               +--------+--------+--------+--------+--------+-----+--------+

Top non-repeatable levels by time:
     D:4: 1233 daAuts
     D:6: 1173 daAuts
     D:5: 1028 daAuts
     D:3: 719 daAuts
     D:1: 713 daAuts
     D:2: 496 daAuts
     D:7: 163 daAuts
